[ AOE2 MATCH · #478969002 ]
UnrankedMagyars vs Spanish
Player's team · WIN
Rival team · LOSS
[ REPLAY ANALYSIS · EXTRACTED FROM THE RECORDED GAME ]
Feudal
17:59
Castle
31:40
Imperial
43:25
| APM avg | 23.2 |
| APM peak | 54 |
| eAPM avg | 11.6 |
| Villagers / military | 155 / 180 |
Focus
⚔️ 35.2% · 🌾 64.8%
Skirmisher ×58 · Galley ×29 · Magyar Huszar ×28 · Knight ×25 · Scout Cavalry ×15 · Fire Galley ×11
Feudal
—
Castle
—
Imperial
—
| APM avg | 17.1 |
| APM peak | 59 |
| eAPM avg | 13.5 |
| Villagers / military | 157 / 90 |
Focus
⚔️ 29.1% · 🌾 70.9%
Spearman ×37 · Fishing Ship ×24 · Conquistador ×19 · Skirmisher ×15 · Archer ×4 · Cannon Galleon ×4
Match map
Initial resources + every placement click. Lines = walls · curves = elevation contours. ◆ gold · ⬟ stone · ● berries · ✦ relic · ◌ wall gap
Your base· Open — 3t gap
Kayx87's base· Open — unwalled flank
Smoothed initial terrain · ◌ = detected wall gap · hover for details
Inputs per minute
— Zlomp - - Kayx87
Build order — Zlomp
First 150 of 339 actions detected
| 0:25 | Build | Town Center |
| 2:16 | Create | Villager (Male) |
| 2:17 | Create | Villager (Male) |
| 2:17 | Create | Villager (Male) |
| 2:17 | Create | Villager (Male) |
| 3:11 | Build | House |
| 3:18 | Research | Loom |
| 3:21 | Create | Villager (Male) |
| 3:39 | Create | Villager (Male) |
| 3:45 | Build | House |
| 3:53 | Create | Villager (Male) |
| 4:24 | Create | Villager (Male) |
| 5:22 | Create | Villager (Male) |
| 5:30 | Build | Lumber Camp |
| 6:09 | Create | Villager (Male) |
| 6:17 | Create | Villager (Male) |
| 6:41 | Build | Mill |
| 7:44 | Create | Villager (Male) |
| 7:50 | Build | House |
| 8:18 | Create | Villager (Male) |
| 8:46 | Create | Villager (Male) |
| 8:56 | Build | Dock |
| 9:16 | Create | Villager (Male) |
| 10:10 | Create | Villager (Male) |
| 10:14 | Create | Fishing Ship |
| 10:14 | Create | Fishing Ship |
| 10:29 | Build | House |
| 10:33 | Create | Villager (Male) |
| 10:59 | Build | Farm |
| 11:06 | Create | Villager (Male) |
| 11:07 | Create | Villager (Male) |
| 11:07 | Create | Villager (Male) |
| 11:16 | Create | Fishing Ship |
| 11:19 | Create | Villager (Male) |
| 11:57 | Build | Farm |
| 12:02 | Build | House |
| 12:09 | Create | Fishing Ship |
| 12:12 | Create | Villager (Male) |
| 12:14 | Create | Villager (Male) |
| 12:47 | Build | House |
| 12:49 | Build | House |
| 12:50 | Build | House |
| 12:54 | Create | Villager (Male) |
| 12:56 | Create | Fishing Ship |
| 12:59 | Create | Villager (Male) |
| 13:24 | Build | Farm |
| 14:09 | Build | Palisade Wall |
| 14:16 | Build | Palisade Wall |
| 14:28 | Create | Villager (Male) |
| 14:31 | Create | Villager (Male) |
| 14:42 | Build | Lumber Camp |
| 14:48 | Create | Villager (Male) |
| 15:20 | Build | Farm |
| 15:42 | Create | Fishing Ship |
| 15:49 | Research | Feudal Age |
| 16:25 | Create | Villager (Male) |
| 16:39 | Build | Barracks |
| 16:56 | Build | Palisade Wall |
| 17:01 | Create | Villager (Male) |
| 17:34 | Build | House |
| 17:44 | Build | Palisade Wall |
| 17:45 | Build | Palisade Wall |
| 17:46 | Build | Palisade Wall |
| 17:47 | Build | Palisade Wall |
| 17:59 | Age | Feudal Age |
| 18:08 | Build | Stable |
| 18:12 | Build | Stable |
| 18:23 | Build | Farm |
| 18:23 | Build | Farm |
| 18:23 | Build | Farm |
| 18:23 | Build | Farm |
| 18:26 | Build | Farm |
| 18:29 | Build | Farm |
| 18:33 | Build | Farm |
| 18:39 | Create | Scout Cavalry ×5 |
| 18:52 | Research | Horse Collar |
| 19:00 | Research | Double-Bit Axe |
| 19:00 | Research | Double-Bit Axe |
| 19:03 | Create | Scout Cavalry ×5 |
| 19:04 | Create | Scout Cavalry ×3 |
| 19:54 | Research | Bloodlines |
| 20:13 | Build | House |
| 20:14 | Build | House |
| 20:15 | Build | House |
| 20:40 | Create | Villager (Male) |
| 20:40 | Create | Villager (Male) |
| 20:54 | Create | Villager (Male) ×3 |
| 22:05 | Create | Villager (Male) ×5 |
| 22:34 | Build | Archery Range |
| 22:51 | Create | Villager (Male) ×4 |
| 22:55 | Research | Town Watch |
| 22:56 | Research | Wheelbarrow |
| 23:46 | Research | Wheelbarrow |
| 24:13 | Create | Skirmisher ×5 |
| 24:14 | Create | Skirmisher ×5 |
| 24:14 | Create | Skirmisher ×2 |
| 24:25 | Create | Villager (Male) |
| 25:23 | Create | Skirmisher ×5 |
| 25:40 | Build | Blacksmith |
| 25:43 | Build | Market |
| 25:50 | Build | House |
| 25:51 | Build | House |
| 25:51 | Build | House |
| 26:36 | Create | Villager (Male) |
| 26:36 | Create | Villager (Male) |
| 26:47 | Build | Mill |
| 26:49 | Build | Farm |
| 26:49 | Build | Farm |
| 26:50 | Build | Farm |
| 26:50 | Build | Farm |
| 26:50 | Build | Farm |
| 26:50 | Build | Farm |
| 26:51 | Build | Farm |
| 27:14 | Create | Villager (Male) |
| 27:18 | Create | Skirmisher |
| 27:22 | Research | Fletching |
| 27:23 | Research | Scale Barding Armor |
| 27:23 | Research | Padded Archer Armor |
| 27:49 | Build | Mining Camp |
| 29:00 | Research | Castle Age |
| 30:18 | Build | Mining Camp |
| 30:39 | Create | Villager (Male) |
| 30:45 | Create | Scout Cavalry |
| 30:46 | Create | Scout Cavalry |
| 31:40 | Age | Castle Age |
| 32:05 | Build | Castle |
| 32:38 | Create | Villager (Male) ×5 |
| 32:51 | Build | Town Center |
| 33:21 | Research | Elite Skirmisher (upgrade) |
| 33:23 | Research | Thumb Ring |
| 33:26 | Research | Leather Archer Armor |
| 33:26 | Research | Bodkin Arrow |
| 34:08 | Build | Mining Camp |
| 34:16 | Create | Skirmisher ×5 |
| 34:17 | Create | Skirmisher ×5 |
| 34:41 | Build | Farm |
| 34:42 | Build | Farm |
| 34:53 | Create | Villager (Male) |
| 34:54 | Create | Villager (Male) |
| 34:55 | Create | Villager (Male) |
| 35:32 | Build | Farm |
| 35:35 | Research | Heavy Plow |
| 35:35 | Research | Heavy Plow |
| 35:38 | Research | Bow Saw |
| 35:44 | Build | Farm |
| 35:44 | Build | Farm |
| 35:45 | Build | Farm |
| 35:45 | Build | Farm |
| 35:48 | Build | Farm |
| 35:49 | Build | Farm |
Build order — Kayx87
First 150 of 391 actions detected
| 0:08 | Build | House |
| 0:12 | Build | House |
| 0:17 | Build | House |
| 3:01 | Build | Town Center |
| 4:53 | Create | Villager (Male) |
| 4:54 | Create | Villager (Male) |
| 4:54 | Create | Villager (Male) |
| 4:54 | Create | Villager (Male) |
| 4:54 | Create | Villager (Male) |
| 4:55 | Create | Villager (Male) |
| 4:56 | Research | Loom |
| 6:39 | Create | Villager (Male) |
| 6:59 | Create | Villager (Male) |
| 6:59 | Create | Villager (Male) |
| 7:26 | Create | Villager (Male) |
| 7:26 | Create | Villager (Male) |
| 7:52 | Create | Villager (Male) |
| 8:29 | Create | Villager (Male) |
| 8:29 | Create | Villager (Male) |
| 8:30 | Create | Villager (Male) |
| 9:19 | Create | Villager (Male) |
| 9:19 | Create | Villager (Male) |
| 9:37 | Build | Dock |
| 10:14 | Create | Fishing Ship |
| 10:29 | Create | Villager (Male) |
| 10:29 | Create | Villager (Male) |
| 10:29 | Create | Villager (Male) |
| 10:29 | Create | Villager (Male) |
| 10:30 | Create | Villager (Male) |
| 11:26 | Create | Villager (Male) |
| 11:27 | Create | Villager (Male) |
| 12:29 | Build | House |
| 12:52 | Build | House |
| 13:04 | Build | House |
| 13:32 | Build | Mill |
| 13:47 | Create | Villager (Male) |
| 14:15 | Research | Feudal Age |
| 14:43 | Build | Lumber Camp |
| 15:20 | Build | Mining Camp |
| 16:31 | Research | Double-Bit Axe |
| 16:34 | Create | Villager (Male) |
| 16:34 | Create | Villager (Male) |
| 16:34 | Create | Villager (Male) |
| 16:34 | Create | Villager (Male) |
| 16:45 | Research | Gold Mining |
| 17:19 | Research | Horse Collar |
| 17:37 | Build | Barracks |
| 18:07 | Build | Mill |
| 18:16 | Create | Villager (Male) |
| 18:17 | Create | Villager (Male) |
| 18:17 | Create | Villager (Male) |
| 18:17 | Create | Villager (Male) |
| 18:48 | Create | Villager (Male) |
| 18:48 | Create | Villager (Male) |
| 19:03 | Create | Spearman |
| 19:04 | Create | Spearman |
| 19:15 | Build | Stable |
| 19:22 | Build | Stone Wall |
| 19:30 | Create | Villager (Male) |
| 19:31 | Create | Villager (Male) |
| 19:42 | Build | Archery Range |
| 20:04 | Create | Spearman |
| 20:04 | Create | Spearman |
| 20:22 | Build | Dock |
| 20:36 | Build | House |
| 20:39 | Build | House |
| 20:41 | Build | House |
| 20:43 | Build | House |
| 20:45 | Build | House |
| 20:56 | Research | Town Watch |
| 20:56 | Research | Wheelbarrow |
| 21:02 | Create | Fishing Ship |
| 21:03 | Create | Fishing Ship |
| 21:08 | Create | Scout Cavalry |
| 21:14 | Create | Skirmisher |
| 21:17 | Create | Archer |
| 21:17 | Create | Archer |
| 21:17 | Create | Archer |
| 21:22 | Create | Archer |
| 21:31 | Create | Spearman |
| 21:31 | Create | Spearman |
| 22:37 | Create | Fishing Ship |
| 22:37 | Create | Fishing Ship |
| 23:24 | Research | Tech 906 |
| 23:39 | Create | Villager (Male) |
| 23:39 | Create | Villager (Male) |
| 23:39 | Create | Villager (Male) |
| 23:49 | Build | House |
| 24:16 | Build | Stone Wall |
| 24:21 | Build | Gate |
| 24:44 | Create | Spearman |
| 24:44 | Create | Spearman |
| 24:45 | Create | Spearman |
| 24:45 | Create | Spearman |
| 25:01 | Build | Barracks |
| 25:51 | Create | Spearman |
| 25:52 | Create | Spearman |
| 26:20 | Create | Spearman |
| 26:20 | Create | Spearman |
| 26:21 | Create | Spearman |
| 26:34 | Build | Archery Range |
| 26:54 | Research | Stone Mining |
| 27:16 | Build | Mining Camp |
| 27:44 | Build | Blacksmith |
| 27:57 | Build | Mining Camp |
| 28:19 | Create | Fishing Ship |
| 28:19 | Create | Fishing Ship |
| 28:19 | Create | Fishing Ship |
| 28:31 | Create | Fishing Ship |
| 28:31 | Create | Fishing Ship |
| 28:58 | Build | Gate |
| 29:31 | Research | Castle Age |
| 29:57 | Create | Skirmisher |
| 29:57 | Create | Skirmisher |
| 29:58 | Create | Skirmisher |
| 30:02 | Create | Spearman |
| 30:02 | Create | Spearman |
| 30:35 | Create | Spearman |
| 30:35 | Create | Spearman |
| 30:36 | Create | Spearman |
| 31:02 | Create | Spearman |
| 31:03 | Create | Spearman |
| 31:03 | Create | Spearman |
| 31:08 | Create | Skirmisher |
| 31:08 | Create | Skirmisher |
| 31:09 | Create | Skirmisher |
| 31:09 | Create | Skirmisher |
| 31:32 | Create | Fishing Ship |
| 31:32 | Create | Fishing Ship |
| 31:32 | Create | Fishing Ship |
| 31:44 | Create | Fishing Ship |
| 31:44 | Create | Fishing Ship |
| 31:44 | Create | Fishing Ship |
| 31:45 | Create | Fishing Ship |
| 31:48 | Create | Fishing Ship |
| 32:00 | Build | Dock |
| 32:09 | Create | Skirmisher |
| 32:09 | Create | Skirmisher |
| 32:14 | Research | Pikeman (upgrade) |
| 32:30 | Build | Castle |
| 34:05 | Research | Gillnets |
| 34:37 | Build | Town Center |
| 35:00 | Build | Monastery |
| 35:13 | Research | Gillnets |
| 35:18 | Create | Conquistador |
| 35:19 | Create | Conquistador |
| 35:19 | Create | Conquistador |
| 35:19 | Create | Conquistador |
| 35:26 | Research | Squires |
| 35:26 | Create | Spearman |
Match timeline
| 8:56 | Zlomp · first_building Dock |
| 9:37 | Kayx87 · first_building Dock |
| 14:09 | Zlomp · wall_segment Palisade Wall x4 |
| 14:16 | Zlomp · wall_segment Palisade Wall x8 |
| 16:39 | Zlomp · first_building Barracks |
| 16:56 | Zlomp · wall_segment Palisade Wall x8 |
| 17:37 | Kayx87 · first_building Barracks |
| 17:44 | Zlomp · wall_segment Palisade Wall x1 |
| 17:45 | Zlomp · wall_segment Palisade Wall x1 |
| 17:46 | Zlomp · wall_segment Palisade Wall x1 |
| 17:47 | Zlomp · wall_segment Palisade Wall x1 |
| 17:59 | Zlomp · age_up feudal |
| 18:08 | Zlomp · first_building Stable |
| 19:15 | Kayx87 · first_building Stable |
| 19:22 | Kayx87 · wall_segment Stone Wall x1 |
| 19:42 | Kayx87 · first_building Archery Range |
| 22:34 | Zlomp · first_building Archery Range |
| 24:16 | Kayx87 · wall_segment Stone Wall x4 |
| 28:53 | Zlomp · first_market_sell 100 wood |
| 28:55 | Zlomp · first_market_buy 100 food |
| 31:40 | Zlomp · age_up castle |
| 32:05 | Zlomp · first_building Castle |
| 32:30 | Kayx87 · first_building Castle |
| 35:00 | Kayx87 · first_building Monastery |
| 36:20 | Zlomp · first_building Siege Workshop |
| 40:56 | Zlomp · wall_segment Stone Wall x7 |
| 41:11 | Zlomp · wall_segment Stone Wall x9 |
| 42:13 | Zlomp · wall_segment Stone Wall x9 |
| 42:21 | Zlomp · wall_segment Stone Wall x5 |
| 43:25 | Zlomp · age_up imperial |
| 49:13 | Zlomp · wall_segment Stone Wall x4 |
| 54:27 | Kayx87 · first_market_sell 100 wood |
| 57:02 | Kayx87 · first_market_buy 100 stone |
| 61:32 | Zlomp · first_building Monastery |
| 77:29 | Kayx87 · resign |
[ AI ANALYSIS · 1 CREDIT ]
What really happened in this match?
Wolo.gg analyzes every decision: build order, eco, micro, common mistakes by bracket. Personalized analysis on WhatsApp or Discord in 30 seconds.
Civ guide
Magyars
Perfil
Jugador #16718995